Description

Same as ATI's build but I followed the VOD and wrote the steps down as Dark did them, with some delays added for training purposes. E.g. 3 extractors, roach warren, and lair is done at 3:45 but it's not readable or usable in ST.

VOD

https://www.youtube.com/watch?v=N1yUivSJn6U&t=1s

Build Order

Get SALT Encoding   

  18  0:45  Extractor  
  17  0:49  Spawning Pool  
  18  1:17  Hatchery  
  19  1:37  Queen  
  20  1:41  Zergling x2  
  22  1:47  Metabolic Boost  
  24  2:12  Queen  
  27  2:29  Queen  
  30  2:35  Zergling x2  
  35  2:51  Pneumatized Carapace  
  38  3:13  Hatchery  
  47  3:45  Extractor x3  
  48  4:00  Roach Warren  
  48  4:08  Lair  
  54  4:28  Roach x3  
  62  4:30  Queen  
  66  4:33  Roach  
  70  4:36  Roach  
  72  4:45  Roach  
  74  4:47  Ravager x2  
  74  4:50  Glial Reconstitution  
  74  4:55  Evolution Chamber x2  
  72  5:10  Roach x2  
  82  5:22  Zerg Missile Weapons Level 1  
  82  5:40  Zerg Ground Armor Level 1  
  106  6:16  Tunneling Claws  
  106  6:20  Burrow  
  108  6:45  Roach  
  110  7:30  Roach  
Spawning Tool Build Advisor. Get it on Overwolf

Go to:

Details

  • Created by: folk_token
  • Published on: Jul 19, 2019
  • Modified on: Jul 19, 2019
  • Patch: 4.7.1
Show
View Real Time Build Order
Export as new Build Order

Comments (0)

There are no comments. Be the first!

Create an account to comment!